cohdb
Replays
Latest Replays
All Replays
Popular Replays
Top Player Replays
Match Explorer
How It Works
Community
CoH3 Stats
Reddit
Sign in to upload your games and track your stats! →
Sign in with Steam
Match 34521255
Unlisted
Match 34521255
Overview
Messages
Build Orders
End
Construct Infanterie Kompanie
Pioneer Squad
Selects Mechanized Battlegroup
MG 42 Machine Gun Team
Grenadier Squad
GrW 34 Mortar Team
Grenadier Squad
Infanterie Officer Quarters
GrW 34 Mortar Team
Selects Mobile Repair Stations
Construct Panzergrenadier Kompanie
Pak 40 Anti-tank Gun Team
Pioneer Squad
Selects Wespe Self-propelled Artillery
Wespe Self-propelled Artillery
Wespe Self-propelled Artillery
Panzergrenadier Officer Quarters
Construct Panzer Kompanie
Pioneer Squad
Stoßtruppen Squad
AI Takeover
Knight of Holy Shit Order
凶手就在我们中间!
danko_koehler
SpaceMandoo
King_Bird
Turtleboy
0
0
Comments
sign in to comment!
No comments posted yet!